Checkers vs Falcons

Created - Monday, January 05, 2015 at 01:03

Goals
1 2 3 OT1 T
Checkers 1 0 1 0 2
Falcons 1 1 0 1 3
Shots
1 2 3 OT1 T
Checkers 6 8 9 0 23
Falcons 4 7 11 5 27

1st period

1. Checkers , Sami Salo 24 (Brian McGrattan, Tom Sestito) at 0:28
2. Falcons , Quinton Howden 28 (Adam Pardy, Tyson Strachan) at 17:03

Penalties :
Chris Thorburn (SPR) for Fighting (Major) at 4:00, Tom Sestito (CHA) for Fighting (Major) at 4:00, Jim O'Brien (CHA) for Goalie Interference (Minor) at 0:00

2nd period

3. Falcons , Adam Pardy 4 (Quinton Howden) at 18:46 (PP)

Penalties :
Chris Thorburn (SPR) for Fighting (Major) at 3:48, Tom Sestito (CHA) for Fighting (Major) at 3:48, Andrew Clark (CHA) for Hooking (Minor) at 17:06

3rd period

4. Checkers , Brian McGrattan 10 (Andrew Campbell) at 8:07 (PP)

Penalties :
Chris Thorburn (SPR) for Fighting (Major / Game Misconduct) at 3:45, Tom Sestito (CHA) for Fighting (Major / Game Misconduct) at 3:45, Mike Cornell (CHA) for Cross-checking (Minor) at 4:01, Carl Klingberg (SPR) for Interference (Minor) at 7:27

Overtime #1

5. Falcons , Kevin Connauton 12 (Cal O'Reilly, Brian Connelly) at 2:10

Penalties :
No Penalty

Goalie Stats

Drew MacIntyre (CHA), 24 saves from 27 shots - (0.889), OTL, 21-14-7, 62:10 minutes
Troy Grosenick (SPR), 21 saves from 23 shots - (0.913), W, 18-19-4, 62:10 minutes

Players Stats for Checkers

Player Name              G  A  P  +/- PIM S  H  SB GA TA FO     MP     PP MP  PK MP  
------------------------------------------------------------------------------------
Adam Brace               0  0  0   0  0   1  0  0  1  1  0/0    16:39   0:33   0:00 
Andrew Campbell          0  1  1   1  0   0  0  1  0  0  0/0    19:54   0:40   0:15 
Andrew Clark             0  0  0  -1  2   2  0  1  1  0  4/8    17:24   0:00   2:02 
Blake Parlett            0  0  0  -2  0   1  1  3  0  1  0/0    22:59   0:00   3:04 
Brian McGrattan          1  1  2   1  0   5  1  0  2  0  0/1    15:36   0:07   0:00 
Cody Bass                0  0  0   0  0   1  2  1  2  0  0/2    15:37   0:00   0:00 
Corey Locke              0  0  0   0  0   0  0  1  1  0  3/14   24:07   0:33   2:42 
J.T. Wyman               0  0  0   0  0   0  2  0  0  1  0/0    15:28   0:33   0:00 
Jim O'Brien              0  0  0  -1  2   1  4  0  1  0  6/13   23:44   0:07   0:55 
Joshua Shalla            0  0  0   0  0   0  0  0  1  0  0/0     1:44   0:00   0:00 
Julien Brouillette       0  0  0   0  0   0  2  1  0  2  0/0    19:37   0:00   2:35 
Matt Pelech              0  0  0   0  0   0  0  0  0  0  0/0     0:00   0:00   0:00 
Mike Cornell             0  0  0  -2  2   1  1  2  1  4  0/0    22:09   0:00   1:47 
Nick Crawford            0  0  0   0  0   1  2  1  1  2  0/0    20:39   0:00   3:37 
Sami Salo                1  0  1   1  0   3  1  2  2  2  0/0    19:34   0:40   0:00 
Sean Backman             0  0  0  -2  0   5  0  0  1  0  0/3    23:33   0:07   2:48 
Taylor Matson            0  0  0   0  0   0  0  0  2  1  5/13   16:24   0:00   2:42 
Tom Sestito              0  1  1   1  25  2  1  0  0  0  0/0     7:48   0:00   0:09 

Players Stats for Falcons

Player Name              G  A  P  +/- PIM S  H  SB GA TA FO     MP     PP MP  PK MP  
------------------------------------------------------------------------------------
Adam Pardy               1  1  2   0  0   1  6  2  2  1  0/0    25:14   3:14   0:22 
Austin Watson            0  0  0   1  0   0  4  1  1  1  11/16  22:30   2:40   0:00 
Brian Connelly           0  1  1   1  0   1  1  0  0  1  0/0    28:17   2:25   0:18 
Brian Dumoulin           0  0  0   0  0   0  1  0  0  0  0/0    26:27   2:25   0:22 
Cal O'Reilly             0  1  1   1  0   4  0  0  0  0  6/13   21:25   0:41   0:40 
Carl Klingberg           0  0  0   0  2   0  1  0  1  0  0/0     6:03   0:00   0:00 
Chad Ruhwedel            0  0  0   0  0   2  0  0  0  0  0/0     2:10   0:00   0:00 
Chris Thorburn           0  0  0  -1  25  0  1  2  1  0  0/0    10:55   1:54   0:00 
Drew Shore               0  0  0  -1  0   2  1  0  6  1  1/1    23:13   2:59   0:00 
Jeff Taffe               0  0  0   1  0   3  1  1  0  0  5/5    17:37   0:00   0:00 
Jordan Weal              0  0  0  -1  0   1  1  0  3  2  12/16  24:49   2:59   0:40 
Kevin Connauton          1  0  1   1  0   5  0  0  0  0  0/0    14:02   0:00   0:00 
Matt Ellis               0  0  0   0  0   2  0  1  1  0  1/1    10:25   0:00   0:00 
Mitch Callahan           0  0  0   1  0   0  0  0  1  0  0/0    23:34   3:04   0:00 
Nick Shore               0  0  0   0  0   0  0  0  0  0  0/0     0:00   0:00   0:00 
Quinton Howden           1  1  2   1  0   4  1  2  7  0  0/2    21:33   2:40   0:00 
Radek Martinek           0  0  0   0  0   0  0  0  0  0  0/0     0:00   0:00   0:00 
Tyson Strachan           0  1  1   0  0   2  3  2  0  3  0/0    29:42   3:14   0:18 

3 Stars

1 - Adam Pardy (SPR)
2 - Quinton Howden (SPR)
3 - Brian McGrattan (CHA)

Power Play

Checkers - 1 on 1 Attempt(s) - 100.00%
Falcons - 1 on 3 Attempt(s) - 33.33%

Penalty Kill

Checkers - 2 on 3 Attempt(s) - 66.67% - Score 0 goal in Penalty Kill
Falcons - 0 on 1 Attempt(s) - 0.00% - Score 0 goal in Penalty Kill

Team Stat

Checkers - Hits : 17 - Faceoff Wins : 18 - Blocked Shots : 13 - Penalty Minutes : 31
Falcons - Hits : 21 - Faceoff Wins : 36 - Blocked Shots : 11 - Penalty Minutes : 27

Official

Referees : Unknown
Linesman : Unknown

Game Notes

Chris Thorburn and Tom Sestito fight to a draw at 4:00 of 1st period
Chris Thorburn beats up Tom Sestito at 3:48 of 2nd period
Chris Thorburn beats up Tom Sestito at 3:45 of 3rd period
Chris Thorburn ejected from game at 3:45 of 3rd period
Tom Sestito ejected from game at 3:45 of 3rd period
Tom Sestito from Checkers is suspended for 2 game(s)

Finance

Level 1 -- Attendance: 1414 (70.70%) -- Ticket Income $49,490
Level 2 -- Attendance: 721 (72.10%) -- Ticket Income $10,815
Total Attendance: 2135 (71.17%)
Total Ticket Income: $60,305
Other Income: $29,549
Total Income: $89,854

Checkers

5 vs 5 Forward 
   Center                   Left Wing                Right Wing               Time % Phy DF OF 
 1 Jim O'Brien              Tom Sestito              Brian McGrattan          28     1   2  2  
 2 Corey Locke              Adam Brace               J.T. Wyman               27     1   2  2  
 3 Andrew Clark             Jim O'Brien              Sean Backman             25     1   2  2  
 4 Taylor Matson            Corey Locke              Cody Bass                20     1   2  2  

5 vs 5 Defense 
   Defense                  Defense                                           Time % Phy DF OF 
 1 Sami Salo                Andrew Campbell                                   35     1   2  2  
 2 Mike Cornell             Blake Parlett                                     35     1   2  2  
 3 Nick Crawford            Julien Brouillette                                30     1   2  2  
 4 Sami Salo                Andrew Campbell                                   0      1   2  2  

PowerPlay Forward 
   Center                   Left Wing                Right Wing               Time % Phy DF OF 
 1 Jim O'Brien              Tom Sestito              Brian McGrattan          50     0   1  4  
 2 Corey Locke              Adam Brace               J.T. Wyman               50     0   1  4  

PowerPlay Defense
   Defense                  Defense                                           Time % Phy DF OF 
 1 Sami Salo                Andrew Campbell                                   50     0   1  4  
 2 Mike Cornell             Blake Parlett                                     50     0   1  4  

Penalty Kill 4 Players Forward 
   Center                   Wing                     Time % Phy DF OF 
 1 Taylor Matson            Corey Locke              50     0   4  1  
 2 Andrew Clark             Sean Backman             50     0   4  1  

Penalty Kill 4 Players Defense
   Defense                  Defense                  Time % Phy DF OF 
 1 Nick Crawford            Julien Brouillette       50     0   4  1  
 2 Mike Cornell             Blake Parlett            50     0   4  1  

Penalty Kill - 3 Players Forward 
   Forward                                           Time % Phy DF OF 
 1 Taylor Matson                                     50     0   5  0  
 2 Andrew Clark                                      50     0   5  0  

Penalty Kill - 3 Players Defense
   Defense                  Defense                  Time % Phy DF OF 
 1 Nick Crawford            Julien Brouillette       50     1   4  0  
 2 Mike Cornell             Blake Parlett            50     1   4  0  

4 vs 4 Forward 
   Center                   Wing                     Time % Phy DF OF 
 1 Jim O'Brien              Tom Sestito              50     1   2  2  
 2 Corey Locke              J.T. Wyman               50     1   2  2  

4 vs 4 Defense
   Defense                  Defense                  Time % Phy DF OF 
 1 Sami Salo                Andrew Campbell          50     1   2  2  
 2 Mike Cornell             Blake Parlett            50     1   2  2  

Last Minutes Offensive
   Center                   Left Wing                Right Wing               Defense                  Defense                  
   Jim O'Brien              Tom Sestito              Brian McGrattan          Blake Parlett            Sami Salo                

Last Minutes Defensive
   Center                   Left Wing                Right Wing               Defense                  Defense                  
   Jim O'Brien              Tom Sestito              Brian McGrattan          Blake Parlett            Sami Salo                

Goaltenders
Starting : Drew MacIntyre           
Backup : Nathan Lawson            

Extra Forwards
Normal : Sean Backman, Cody Bass, Andrew Clark - PP : Sean Backman, Cody Bass - PK : Andrew Clark
Extra Defensemen
Normal : Mike Cornell, Andrew Campbell, Nick Crawford - PP : Mike Cornell - PK : Blake Parlett, Nick Crawford
Penalty Shots
Jim O'Brien, Andrew Clark, Tom Sestito, Corey Locke, J.T. Wyman

Falcons

5 vs 5 Forward 
   Center                   Left Wing                Right Wing               Time % Phy DF OF 
 1 Jordan Weal              Drew Shore               Chris Thorburn           35     1   2  2  
 2 Austin Watson            Quinton Howden           Mitch Callahan           30     1   2  2  
 3 Jordan Weal              Drew Shore               Matt Ellis               22     1   2  2  
 4 Cal O'Reilly             Drew Shore               Jeff Taffe               13     1   2  2  

5 vs 5 Defense 
   Defense                  Defense                                           Time % Phy DF OF 
 1 Tyson Strachan           Adam Pardy                                        35     1   2  2  
 2 Brian Dumoulin           Brian Connelly                                    30     1   2  2  
 3 Tyson Strachan           Brian Dumoulin                                    22     1   2  2  
 4 Brian Connelly           Kevin Connauton                                   13     1   2  2  

PowerPlay Forward 
   Center                   Left Wing                Right Wing               Time % Phy DF OF 
 1 Jordan Weal              Drew Shore               Chris Thorburn           60     1   2  2  
 2 Austin Watson            Quinton Howden           Mitch Callahan           40     1   2  2  

PowerPlay Defense
   Defense                  Defense                                           Time % Phy DF OF 
 1 Tyson Strachan           Adam Pardy                                        60     1   2  2  
 2 Brian Dumoulin           Brian Connelly                                    40     1   2  2  

Penalty Kill 4 Players Forward 
   Center                   Wing                     Time % Phy DF OF 
 1 Jordan Weal              Cal O'Reilly             60     1   2  2  
 2 Chris Thorburn           Austin Watson            40     1   2  2  

Penalty Kill 4 Players Defense
   Defense                  Defense                  Time % Phy DF OF 
 1 Brian Dumoulin           Adam Pardy               60     1   2  2  
 2 Tyson Strachan           Brian Connelly           40     1   2  2  

Penalty Kill - 3 Players Forward 
   Forward                                           Time % Phy DF OF 
 1 Chris Thorburn                                    60     1   2  2  
 2 Austin Watson                                     40     1   2  2  

Penalty Kill - 3 Players Defense
   Defense                  Defense                  Time % Phy DF OF 
 1 Tyson Strachan           Kevin Connauton          60     1   2  2  
 2 Brian Dumoulin           Brian Connelly           40     1   2  2  

4 vs 4 Forward 
   Center                   Wing                     Time % Phy DF OF 
 1 Cal O'Reilly             Jordan Weal              60     1   2  2  
 2 Chris Thorburn           Austin Watson            40     1   2  2  

4 vs 4 Defense
   Defense                  Defense                  Time % Phy DF OF 
 1 Brian Dumoulin           Tyson Strachan           60     1   2  2  
 2 Kevin Connauton          Brian Connelly           40     1   2  2  

Last Minutes Offensive
   Center                   Left Wing                Right Wing               Defense                  Defense                  
   Austin Watson            Drew Shore               Chris Thorburn           Tyson Strachan           Adam Pardy               

Last Minutes Defensive
   Center                   Left Wing                Right Wing               Defense                  Defense                  
   Austin Watson            Drew Shore               Chris Thorburn           Tyson Strachan           Adam Pardy               

Goaltenders
Starting : Troy Grosenick           
Backup : Farm Player77            

Extra Forwards
Normal : Jordan Weal, Cal O'Reilly, Chris Thorburn - PP : Jordan Weal, Cal O'Reilly - PK : Chris Thorburn
Extra Defensemen
Normal : Brian Connelly, Brian Dumoulin, Tyson Strachan - PP : Brian Dumoulin - PK : Brian Dumoulin, Brian Connelly
Penalty Shots
Cal O'Reilly, Drew Shore, Chris Thorburn, Austin Watson, Jordan Weal

% Time on Ice - Checkers

Lines # - Real PCT - Wanted PCT - Time Play
Normal Forward
1 - 35% - 28% - 18:55
2 - 26% - 27% - 13:53
3 - 20% - 25% - 10:38
4 - 19% - 20% - 10:15
Normal Defense
1 - 35% - 35% - 18:37
2 - 35% - 35% - 18:48
3 - 30% - 30% - 16:16
4 - 0% - 0% - 0:00
PP Forward
1 - 18% - 50% - 0:07
2 - 83% - 50% - 0:33
PP Defense
1 - 100% - 50% - 0:40
2 - 0% - 50% - 0:00
PK Forward
1 - 48% - 50% - 2:42
2 - 52% - 50% - 2:57
PK Defense
1 - 46% - 50% - 2:35
2 - 54% - 50% - 3:04
PK3 Forward
1 - 0% - 50%
2 - 0% - 50%
PK3 Defense
1 - 0% - 50%
2 - 0% - 50%
44 Forward
1 - 72% - 50% - 1:34
2 - 28% - 50% - 0:36
44 Defense
1 - 48% - 50% - 1:03
2 - 52% - 50% - 1:07
Last Minute Offensive  - 0:00
Last Minute Defensive  - 0:00
Total
Forward - 62:10
Defense - 62:10

% Time on Ice - Falcons

Lines # - Real PCT - Wanted PCT - Time Play
Normal Forward
1 - 33% - 35% - 17:31
2 - 34% - 30% - 18:30
3 - 13% - 22% - 7:02
4 - 20% - 13% - 10:38
Normal Defense
1 - 35% - 35% - 18:58
2 - 26% - 30% - 13:47
3 - 15% - 22% - 8:17
4 - 24% - 13% - 12:39
PP Forward
1 - 53% - 60% - 2:59
2 - 47% - 40% - 2:40
PP Defense
1 - 57% - 60% - 3:14
2 - 43% - 40% - 2:25
PK Forward
1 - 100% - 60% - 0:40
2 - 0% - 40% - 0:00
PK Defense
1 - 55% - 60% - 0:22
2 - 45% - 40% - 0:18
PK3 Forward
1 - 0% - 60%
2 - 0% - 40%
PK3 Defense
1 - 0% - 60%
2 - 0% - 40%
44 Forward
1 - 100% - 60% - 2:10
2 - 0% - 40% - 0:00
44 Defense
1 - 54% - 60% - 1:10
2 - 46% - 40% - 1:00
Last Minute Offensive  - 0:00
Last Minute Defensive  - 0:00
Total
Forward - 62:10
Defense - 62:10

Play by Play

1st period


0:01 of 1st period - Jim O'Brien wins face-off versus Jordan Weal in neutral zone.
0:24 of 1st period - Snap shot by Tom Sestito.
0:24 of 1st period - Shot Misses the Net.
0:26 of 1st period - Slapshot by Brian McGrattan.
0:26 of 1st period - Shot Misses the Net.
0:28 of 1st period - Slapshot by Sami Salo.
0:28 of 1st period - Goal by Sami Salo - Checkers : 1 - Falcons : 0.
0:29 of 1st period - Corey Locke wins face-off versus Austin Watson in neutral zone.
1:23 of 1st period - Brian Dumoulin is hit by Jim O'Brien and loses puck.
2:30 of 1st period - Wrist shot by Corey Locke.
2:30 of 1st period - Shot Misses the Net.
2:32 of 1st period - Slapshot by Nick Crawford.
2:32 of 1st period - Shot Misses the Net.
2:34 of 1st period - Slapshot by Julien Brouillette.
2:34 of 1st period - Shot Misses the Net.
3:27 of 1st period - Icing by Sami Salo.
3:28 of 1st period - Austin Watson wins face-off versus Corey Locke in Checkers zone.
4:00 of 1st period - Chris Thorburn and Tom Sestito fight to a draw.
4:00 of 1st period - Penalty to Chris Thorburn for Fighting.
4:00 of 1st period - Penalty to Tom Sestito for Fighting.
4:01 of 1st period - Austin Watson wins face-off versus Cody Bass in Falcons zone.
4:06 of 1st period - Corey Locke is hit by Austin Watson.
5:18 of 1st period - Slapshot by Jordan Weal.
5:18 of 1st period - Shot Misses the Net.
5:44 of 1st period - Sami Salo is hit by Quinton Howden and loses puck.
6:27 of 1st period - Adam Brace is hit by Adam Pardy and loses puck.
7:00 of 1st period - Wrist shot by Jeff Taffe.
7:00 of 1st period - Shot Misses the Net.
7:02 of 1st period - Snap shot by Jordan Weal.
7:02 of 1st period - Shot Blocked by Nick Crawford.
7:31 of 1st period - Snap shot by Brian McGrattan.
7:31 of 1st period - Shot Misses the Net.
8:10 of 1st period - Matt Ellis is hit by Brian McGrattan and loses puck.
8:15 of 1st period - Slapshot by Brian McGrattan.
8:15 of 1st period - Deflect By Taylor Matson.
8:15 of 1st period - Shot Misses the Net.
8:15 of 1st period - Puck is out of play.
8:16 of 1st period - Taylor Matson wins face-off versus Cal O'Reilly in Falcons zone.
8:57 of 1st period - Quinton Howden is hit by J.T. Wyman.
9:05 of 1st period - Wrist shot by Quinton Howden.
9:05 of 1st period - Deflect By Adam Brace.
9:05 of 1st period - Shot Misses the Net.
9:05 of 1st period - Puck is out of play.
9:06 of 1st period - Austin Watson wins face-off versus Corey Locke in Checkers zone.
9:09 of 1st period - Wrist shot by Quinton Howden.
9:09 of 1st period - Shot Misses the Net.
9:31 of 1st period - Wrist shot by Andrew Clark.
9:31 of 1st period - Shot Blocked by Chris Thorburn.
11:02 of 1st period - Snap shot by Sean Backman.
11:02 of 1st period - Stopped by Troy Grosenick with a rebound.
11:04 of 1st period - Wrist shot by Sean Backman.
11:04 of 1st period - Stopped by Troy Grosenick without a rebound.
11:05 of 1st period - Andrew Clark wins face-off versus Austin Watson in Falcons zone.
11:33 of 1st period - Snap shot by Drew Shore.
11:33 of 1st period - Deflect By Matt Ellis.
11:33 of 1st period - Shot Blocked by Julien Brouillette.
11:33 of 1st period - Puck is out of play.
11:34 of 1st period - Jordan Weal wins face-off versus Cody Bass in Checkers zone.
12:41 of 1st period - Icing by Andrew Clark.
12:42 of 1st period - Andrew Clark wins face-off versus Cal O'Reilly in Checkers zone.
13:43 of 1st period - Brian Dumoulin is hit by Mike Cornell and loses puck.
13:48 of 1st period - Wrist shot by Tom Sestito.
13:48 of 1st period - Deflect By Brian McGrattan.
13:48 of 1st period - Shot Blocked by Chris Thorburn.
13:48 of 1st period - Puck is out of play.
13:49 of 1st period - Jim O'Brien wins face-off versus Cal O'Reilly in Falcons zone.
14:00 of 1st period - Slapshot by Cal O'Reilly.
14:00 of 1st period - Stopped by Drew MacIntyre with a rebound.
14:02 of 1st period - Snap shot by Cal O'Reilly.
14:02 of 1st period - Stopped by Drew MacIntyre with a rebound.
14:04 of 1st period - Snap shot by Drew Shore.
14:04 of 1st period - Shot Blocked by Cody Bass.
14:06 of 1st period - Slapshot by Tyson Strachan.
14:06 of 1st period - Stopped by Drew MacIntyre without a rebound.
14:07 of 1st period - Cal O'Reilly wins face-off versus Corey Locke in Checkers zone.
14:56 of 1st period - Slapshot by Sami Salo.
14:56 of 1st period - Stopped by Troy Grosenick without a rebound.
14:57 of 1st period - Jordan Weal wins face-off versus Corey Locke in Falcons zone.
15:18 of 1st period - Nick Crawford is hit by Chris Thorburn and loses puck.
15:49 of 1st period - Slapshot by Cody Bass.
15:49 of 1st period - Shot Misses the Net.
15:51 of 1st period - Slapshot by Blake Parlett.
15:51 of 1st period - Stopped by Troy Grosenick without a rebound.
15:52 of 1st period - Jordan Weal wins face-off versus Taylor Matson in Falcons zone.
15:57 of 1st period - Taylor Matson is hit by Drew Shore.
16:07 of 1st period - Andrew Clark is hit by Austin Watson and loses puck.
17:03 of 1st period - Slapshot by Adam Pardy.
17:03 of 1st period - Deflect By Quinton Howden.
17:03 of 1st period - Goal by Quinton Howden - Checkers : 1 - Falcons : 1.
17:04 of 1st period - Cal O'Reilly wins face-off versus Corey Locke in neutral zone.
17:12 of 1st period - Off-side.
17:13 of 1st period - Cal O'Reilly wins face-off versus Corey Locke in neutral zone.
17:15 of 1st period - Off-side.
17:16 of 1st period - Corey Locke wins face-off versus Cal O'Reilly in neutral zone.
17:35 of 1st period - Slapshot by Sami Salo.
17:35 of 1st period - Stopped by Troy Grosenick with a rebound.
18:03 of 1st period - Wrist shot by Mitch Callahan.
18:03 of 1st period - Deflect By Quinton Howden.
18:03 of 1st period - Shot Misses the Net.
18:03 of 1st period - Puck is out of play.
18:04 of 1st period - Jim O'Brien wins face-off versus Quinton Howden in Checkers zone.
18:04 of 1st period - Jim O'Brien is hit by Austin Watson.
18:40 of 1st period - Adam Pardy is hit by Cody Bass and loses puck.
18:53 of 1st period - J.T. Wyman is hit by Adam Pardy and loses puck.
19:43 of 1st period - Tom Sestito is hit by Jeff Taffe and loses puck.
Goals for this period are 1 for Checkers vs 1 for Falcons.
Shots for this period are 6 for Checkers vs 4 for Falcons.
0:00 of 2nd period - Minor Penalty to Jim O'Brien for Goalie Interference.

2nd period


0:01 of 2nd period - Drew Shore wins face-off versus Taylor Matson in neutral zone.
0:04 of 2nd period - Adam Pardy is hit by Julien Brouillette.
0:30 of 2nd period - Snap shot by Chris Thorburn.
0:30 of 2nd period - Shot Blocked by Andrew Clark.
0:40 of 2nd period - Backhand shot by Julien Brouillette.
0:40 of 2nd period - Shot Blocked by Adam Pardy.
0:42 of 2nd period - Slapshot by Sean Backman.
0:42 of 2nd period - Stopped by Troy Grosenick with a rebound.
0:44 of 2nd period - Wrist shot by Julien Brouillette.
0:44 of 2nd period - Deflect By Andrew Clark.
0:44 of 2nd period - Shot Misses the Net.
0:44 of 2nd period - Puck is out of play.
0:45 of 2nd period - Austin Watson wins face-off versus Taylor Matson in Falcons zone.
1:16 of 2nd period - Slapshot by Quinton Howden.
1:16 of 2nd period - Shot Blocked by Mike Cornell.
1:18 of 2nd period - Slapshot by Brian Dumoulin.
1:18 of 2nd period - Shot Blocked by Corey Locke.
1:20 of 2nd period - Slapshot by Brian Dumoulin.
1:20 of 2nd period - Deflect By Quinton Howden.
1:20 of 2nd period - Shot Blocked by Mike Cornell.
1:20 of 2nd period - Puck is out of play.
1:21 of 2nd period - Jordan Weal wins face-off versus Taylor Matson in Checkers zone.
2:00 of 2nd period - Penalty to Jim O'Brien is over, Jim O'Brien is back on ice.
2:49 of 2nd period - Icing by Jordan Weal.
2:50 of 2nd period - Jordan Weal wins face-off versus Corey Locke in Falcons zone.
3:04 of 2nd period - Icing by Corey Locke.
3:05 of 2nd period - Austin Watson wins face-off versus Corey Locke in Checkers zone.
3:26 of 2nd period - Adam Pardy is hit by Blake Parlett and loses puck.
3:48 of 2nd period - Chris Thorburn beats up Tom Sestito.
3:48 of 2nd period - Penalty to Chris Thorburn for Fighting.
3:48 of 2nd period - Penalty to Tom Sestito for Fighting.
3:49 of 2nd period - Jordan Weal wins face-off versus Jim O'Brien in Falcons zone.
4:26 of 2nd period - Wrist shot by Quinton Howden.
4:26 of 2nd period - Stopped by Drew MacIntyre with a rebound.
4:28 of 2nd period - Wrist shot by Mitch Callahan.
4:28 of 2nd period - Shot Misses the Net.
4:30 of 2nd period - Slapshot by Brian Dumoulin.
4:30 of 2nd period - Shot Misses the Net.
4:34 of 2nd period - Slapshot by Austin Watson.
4:34 of 2nd period - Deflect By Quinton Howden.
4:34 of 2nd period - Stopped by Drew MacIntyre without a rebound.
4:35 of 2nd period - Austin Watson wins face-off versus Taylor Matson in Checkers zone.
5:02 of 2nd period - Taylor Matson is hit by Adam Pardy and loses puck.
5:45 of 2nd period - Wrist shot by Jordan Weal.
5:45 of 2nd period - Stopped by Drew MacIntyre with a rebound.
5:53 of 2nd period - Snap shot by Mike Cornell.
5:53 of 2nd period - Stopped by Troy Grosenick without a rebound.
5:54 of 2nd period - Austin Watson wins face-off versus Jim O'Brien in Falcons zone.
6:35 of 2nd period - Jordan Weal is hit by Jim O'Brien and loses puck.
7:53 of 2nd period - Wrist shot by Brian McGrattan.
7:53 of 2nd period - Stopped by Troy Grosenick with a rebound.
7:55 of 2nd period - Slapshot by Mike Cornell.
7:55 of 2nd period - Shot Blocked by Tyson Strachan.
8:13 of 2nd period - Brian Connelly is hit by Cody Bass and loses puck.
8:36 of 2nd period - Wrist shot by Drew Shore.
8:36 of 2nd period - Stopped by Drew MacIntyre with a rebound.
8:38 of 2nd period - Snap shot by Matt Ellis.
8:38 of 2nd period - Stopped by Drew MacIntyre without a rebound.
8:39 of 2nd period - Jeff Taffe wins face-off versus Andrew Clark in Checkers zone.
8:46 of 2nd period - Slapshot by Matt Ellis.
8:46 of 2nd period - Stopped by Drew MacIntyre without a rebound.
8:47 of 2nd period - Jeff Taffe wins face-off versus Andrew Clark in Checkers zone.
9:33 of 2nd period - Wrist shot by Brian McGrattan.
9:33 of 2nd period - Stopped by Troy Grosenick without a rebound.
9:34 of 2nd period - Jordan Weal wins face-off versus Jim O'Brien in Falcons zone.
11:56 of 2nd period - Snap shot by Adam Brace.
11:56 of 2nd period - Stopped by Troy Grosenick with a rebound.
11:58 of 2nd period - Wrist shot by Sean Backman.
11:58 of 2nd period - Stopped by Troy Grosenick with a rebound.
12:00 of 2nd period - Wrist shot by J.T. Wyman.
12:00 of 2nd period - Shot Blocked by Quinton Howden.
12:16 of 2nd period - Wrist shot by Tom Sestito.
12:16 of 2nd period - Stopped by Troy Grosenick with a rebound.
12:18 of 2nd period - Snap shot by Andrew Clark.
12:18 of 2nd period - Shot Misses the Net.
12:41 of 2nd period - Andrew Campbell is hit by Brian Connelly and loses puck.
12:53 of 2nd period - Icing by J.T. Wyman.
12:54 of 2nd period - Andrew Clark wins face-off versus Jordan Weal in Checkers zone.
12:54 of 2nd period - Andrew Clark is hit by Adam Pardy.
13:06 of 2nd period - Slapshot by Sami Salo.
13:06 of 2nd period - Deflect By Corey Locke.
13:06 of 2nd period - Shot Misses the Net.
13:06 of 2nd period - Puck is out of play.
13:07 of 2nd period - Jordan Weal wins face-off versus Taylor Matson in Falcons zone.
13:14 of 2nd period - Slapshot by Corey Locke.
13:14 of 2nd period - Shot Misses the Net.
13:16 of 2nd period - Slapshot by Nick Crawford.
13:16 of 2nd period - Stopped by Troy Grosenick with a rebound.
13:18 of 2nd period - Slapshot by Nick Crawford.
13:18 of 2nd period - Shot Blocked by Matt Ellis.
13:37 of 2nd period - Off-side.
13:38 of 2nd period - Cal O'Reilly wins face-off versus Brian McGrattan in neutral zone.
14:34 of 2nd period - Wrist shot by Quinton Howden.
14:34 of 2nd period - Shot Misses the Net.
15:12 of 2nd period - Quinton Howden is hit by Julien Brouillette and loses puck.
16:15 of 2nd period - Wrist shot by Jordan Weal.
16:15 of 2nd period - Shot Blocked by Sami Salo.
16:31 of 2nd period - Slapshot by Adam Pardy.
16:31 of 2nd period - Shot Blocked by Sami Salo.
16:44 of 2nd period - Andrew Clark is hit by Adam Pardy and loses puck.
17:06 of 2nd period - Minor Penalty to Andrew Clark for Hooking.
17:07 of 2nd period - Taylor Matson wins face-off versus Austin Watson in Checkers zone.
17:26 of 2nd period - Off-side.
17:27 of 2nd period - Taylor Matson wins face-off versus Austin Watson in neutral zone.
17:44 of 2nd period - Snap shot by Sean Backman.
17:44 of 2nd period - Shot Misses the Net.
17:56 of 2nd period - Wrist shot by Drew Shore.
17:56 of 2nd period - Shot Blocked by Blake Parlett.
17:58 of 2nd period - Slapshot by Brian Dumoulin.
17:58 of 2nd period - Shot Misses the Net.
18:00 of 2nd period - Slapshot by Chris Thorburn.
18:00 of 2nd period - Shot Misses the Net.
18:28 of 2nd period - Off-side.
18:29 of 2nd period - Jordan Weal wins face-off versus Taylor Matson in neutral zone.
18:46 of 2nd period - Slapshot by Adam Pardy.
18:46 of 2nd period - Goal by Adam Pardy - Checkers : 1 - Falcons : 2.
18:47 of 2nd period - Taylor Matson wins face-off versus Cal O'Reilly in neutral zone.
19:25 of 2nd period - Off-side.
19:26 of 2nd period - Jim O'Brien wins face-off versus Quinton Howden in neutral zone.
19:35 of 2nd period - Wrist shot by Brian McGrattan.
19:35 of 2nd period - Shot Misses the Net.
Goals for this period are 0 for Checkers vs 1 for Falcons.
Shots for this period are 8 for Checkers vs 7 for Falcons.

3rd period


0:01 of 3rd period - Jordan Weal wins face-off versus Andrew Clark in neutral zone.
0:12 of 3rd period - Sean Backman is hit by Jordan Weal and loses puck.
0:19 of 3rd period - Snap shot by Jordan Weal.
0:19 of 3rd period - Shot Misses the Net.
0:21 of 3rd period - Slapshot by Tyson Strachan.
0:21 of 3rd period - Deflect By Sean Backman.
0:21 of 3rd period - Stopped by Drew MacIntyre with a rebound.
1:32 of 3rd period - Tyson Strachan is hit by Tom Sestito and loses puck.
1:45 of 3rd period - Slapshot by Brian McGrattan.
1:45 of 3rd period - Shot Misses the Net.
1:47 of 3rd period - Wrist shot by Jim O'Brien.
1:47 of 3rd period - Shot Blocked by Adam Pardy.
1:49 of 3rd period - Wrist shot by Tom Sestito.
1:49 of 3rd period - Stopped by Troy Grosenick without a rebound.
1:50 of 3rd period - Taylor Matson wins face-off versus Jordan Weal in Falcons zone.
2:26 of 3rd period - Slapshot by Andrew Clark.
2:26 of 3rd period - Stopped by Troy Grosenick with a rebound.
2:29 of 3rd period - Icing by Quinton Howden.
2:30 of 3rd period - Austin Watson wins face-off versus Andrew Clark in Falcons zone.
3:27 of 3rd period - Brian Connelly is hit by J.T. Wyman and loses puck.
3:40 of 3rd period - Slapshot by Kevin Connauton.
3:40 of 3rd period - Deflect By Tom Sestito.
3:40 of 3rd period - Stopped by Drew MacIntyre with a rebound.
3:42 of 3rd period - Slapshot by Jeff Taffe.
3:42 of 3rd period - Shot Misses the Net.
3:44 of 3rd period - Wrist shot by Jeff Taffe.
3:44 of 3rd period - Stopped by Drew MacIntyre with a rebound.
3:45 of 3rd period - Chris Thorburn beats up Tom Sestito.
3:45 of 3rd period - Penalty to Chris Thorburn for Fighting.
3:45 of 3rd period - Chris Thorburn is ejected from game.
3:45 of 3rd period - Penalty to Tom Sestito for Fighting.
3:45 of 3rd period - Tom Sestito is ejected from game.
3:46 of 3rd period - Austin Watson wins face-off versus Taylor Matson in Checkers zone.
3:59 of 3rd period - Snap shot by Quinton Howden.
3:59 of 3rd period - Shot Blocked by Blake Parlett.
4:01 of 3rd period - Minor Penalty to Mike Cornell for Cross-checking.
4:02 of 3rd period - Andrew Clark wins face-off versus Austin Watson in Checkers zone.
4:48 of 3rd period - Wrist shot by Andrew Clark.
4:48 of 3rd period - Shot Blocked by Quinton Howden.
6:01 of 3rd period - Penalty to Mike Cornell is over, Mike Cornell is back on ice.
6:46 of 3rd period - Snap shot by Brian McGrattan.
6:46 of 3rd period - Deflect By Cody Bass.
6:46 of 3rd period - Stopped by Troy Grosenick with a rebound.
6:48 of 3rd period - Slapshot by Blake Parlett.
6:48 of 3rd period - Shot Misses the Net.
6:50 of 3rd period - Wrist shot by Mike Cornell.
6:50 of 3rd period - Shot Misses the Net.
6:52 of 3rd period - Snap shot by Brian McGrattan.
6:52 of 3rd period - Stopped by Troy Grosenick with a rebound.
6:54 of 3rd period - Wrist shot by Blake Parlett.
6:54 of 3rd period - Shot Blocked by Austin Watson.
7:27 of 3rd period - Minor Penalty to Carl Klingberg for Interference.
7:28 of 3rd period - Cal O'Reilly wins face-off versus Corey Locke in Falcons zone.
7:49 of 3rd period - Icing by Sami Salo.
7:50 of 3rd period - Corey Locke wins face-off versus Jordan Weal in Checkers zone.
8:07 of 3rd period - Snap shot by Brian McGrattan.
8:07 of 3rd period - Goal by Brian McGrattan - Checkers : 2 - Falcons : 2.
8:08 of 3rd period - Jordan Weal wins face-off versus Sean Backman in neutral zone.
8:22 of 3rd period - Slapshot by Drew Shore.
8:22 of 3rd period - Stopped by Drew MacIntyre with a rebound.
8:40 of 3rd period - Snap shot by Andrew Clark.
8:40 of 3rd period - Stopped by Troy Grosenick with a rebound.
8:42 of 3rd period - Snap shot by Sean Backman.
8:42 of 3rd period - Stopped by Troy Grosenick with a rebound.
8:44 of 3rd period - Slapshot by Jim O'Brien.
8:44 of 3rd period - Shot Misses the Net.
8:51 of 3rd period - Icing by Brian Dumoulin.
8:52 of 3rd period - Austin Watson wins face-off versus Jim O'Brien in Falcons zone.
8:52 of 3rd period - Austin Watson is hit by Jim O'Brien.
9:08 of 3rd period - Wrist shot by Cal O'Reilly.
9:08 of 3rd period - Stopped by Drew MacIntyre without a rebound.
9:09 of 3rd period - Jordan Weal wins face-off versus Corey Locke in Checkers zone.
10:02 of 3rd period - Brian McGrattan is hit by Tyson Strachan.
10:18 of 3rd period - Wrist shot by Brian McGrattan.
10:18 of 3rd period - Stopped by Troy Grosenick with a rebound.
11:26 of 3rd period - Andrew Campbell is hit by Austin Watson.
11:36 of 3rd period - Blake Parlett is hit by Carl Klingberg and loses puck.
12:18 of 3rd period - Tyson Strachan is hit by Nick Crawford and loses puck.
12:41 of 3rd period - Slapshot by Sami Salo.
12:41 of 3rd period - Shot Blocked by Jeff Taffe.
13:25 of 3rd period - Matt Ellis is hit by Sami Salo.
13:31 of 3rd period - Slapshot by Adam Pardy.
13:31 of 3rd period - Shot Misses the Net.
13:50 of 3rd period - Icing by Sean Backman.
13:51 of 3rd period - Matt Ellis wins face-off versus Jim O'Brien in Checkers zone.
14:51 of 3rd period - Adam Brace is hit by Tyson Strachan.
15:11 of 3rd period - Slapshot by Kevin Connauton.
15:11 of 3rd period - Shot Misses the Net.
15:13 of 3rd period - Snap shot by Quinton Howden.
15:13 of 3rd period - Stopped by Drew MacIntyre with a rebound.
15:15 of 3rd period - Snap shot by Quinton Howden.
15:15 of 3rd period - Shot Misses the Net.
15:27 of 3rd period - Wrist shot by Kevin Connauton.
15:27 of 3rd period - Stopped by Drew MacIntyre with a rebound.
15:29 of 3rd period - Snap shot by Jeff Taffe.
15:29 of 3rd period - Stopped by Drew MacIntyre with a rebound.
15:31 of 3rd period - Slapshot by Kevin Connauton.
15:31 of 3rd period - Stopped by Drew MacIntyre without a rebound.
15:32 of 3rd period - Jeff Taffe wins face-off versus Corey Locke in Checkers zone.
16:11 of 3rd period - Slapshot by Brian McGrattan.
16:11 of 3rd period - Shot Misses the Net.
16:42 of 3rd period - Snap shot by Adam Pardy.
16:42 of 3rd period - Shot Blocked by Andrew Campbell.
17:04 of 3rd period - Slapshot by Jim O'Brien.
17:04 of 3rd period - Shot Blocked by Tyson Strachan.
17:06 of 3rd period - Slapshot by Julien Brouillette.
17:06 of 3rd period - Deflect By Andrew Clark.
17:06 of 3rd period - Shot Misses the Net.
17:06 of 3rd period - Puck is out of play.
17:07 of 3rd period - Austin Watson wins face-off versus Jim O'Brien in Falcons zone.
17:07 of 3rd period - Austin Watson is hit by Jim O'Brien.
17:30 of 3rd period - Julien Brouillette is hit by Adam Pardy and loses puck.
17:54 of 3rd period - Matt Ellis is hit by Nick Crawford and loses puck.
18:13 of 3rd period - Slapshot by Jim O'Brien.
18:13 of 3rd period - Stopped by Troy Grosenick with a rebound.
19:32 of 3rd period - Icing by J.T. Wyman.
19:33 of 3rd period - Jeff Taffe wins face-off versus Sean Backman in Checkers zone.
19:34 of 3rd period - Wrist shot by Quinton Howden.
19:34 of 3rd period - Shot Misses the Net.
19:36 of 3rd period - Snap shot by Chad Ruhwedel.
19:36 of 3rd period - Stopped by Drew MacIntyre with a rebound.
19:38 of 3rd period - Slapshot by Chad Ruhwedel.
19:38 of 3rd period - Stopped by Drew MacIntyre without a rebound.
19:39 of 3rd period - Jeff Taffe wins face-off versus Sean Backman in Checkers zone.
Goals for this period are 1 for Checkers vs 0 for Falcons.
Shots for this period are 9 for Checkers vs 11 for Falcons.

Overtime #1


0:01 of 1st overtime period - Jim O'Brien wins face-off versus Cal O'Reilly in neutral zone.
0:18 of 1st overtime period - Snap shot by Cal O'Reilly.
0:18 of 1st overtime period - Stopped by Drew MacIntyre without a rebound.
0:19 of 1st overtime period - Jim O'Brien wins face-off versus Cal O'Reilly in Checkers zone.
0:36 of 1st overtime period - Sami Salo is hit by Brian Dumoulin and loses puck.
1:08 of 1st overtime period - Mike Cornell is hit by Tyson Strachan and loses puck.
1:32 of 1st overtime period - Off-side.
1:33 of 1st overtime period - Cal O'Reilly wins face-off versus Jim O'Brien in neutral zone.
1:42 of 1st overtime period - Slapshot by Kevin Connauton.
1:42 of 1st overtime period - Shot Misses the Net.
1:44 of 1st overtime period - Slapshot by Kevin Connauton.
1:44 of 1st overtime period - Shot Misses the Net.
1:46 of 1st overtime period - Slapshot by Jeff Taffe.
1:46 of 1st overtime period - Shot Misses the Net.
1:48 of 1st overtime period - Slapshot by Kevin Connauton.
1:48 of 1st overtime period - Stopped by Drew MacIntyre with a rebound.
1:50 of 1st overtime period - Snap shot by Jeff Taffe.
1:50 of 1st overtime period - Stopped by Drew MacIntyre with a rebound.
1:52 of 1st overtime period - Slapshot by Kevin Connauton.
1:52 of 1st overtime period - Shot Blocked by Blake Parlett.
1:54 of 1st overtime period - Slapshot by Brian Connelly.
1:54 of 1st overtime period - Stopped by Drew MacIntyre with a rebound.
2:10 of 1st overtime period - Snap shot by Kevin Connauton.
2:10 of 1st overtime period - Goal by Kevin Connauton - Checkers : 2 - Falcons : 3.
Goals for this period are 0 for Checkers vs 1 for Falcons.
Shots for this period are 0 for Checkers vs 5 for Falcons.


Output by the SimonT Hockey Simulator (STHS) for Eric Dolegowski -- Original Page W3C XHTML 1.0 Valid
Hockey Simulator - Hockey Simulation - Hockey Manager